 Dungeon Crawl Stone Soup version 0.26-a0-661-g406de6ba63 (webtiles) character file.

Game seed: 5897650121935938893

2512 tacoguy the Ruffian (level 9, -2/89 HPs)
             Began as a Troll Monk on Oct 8, 2020.
             Was a Believer of Wu Jian.
             Slain by a 12-headed hydra (4 damage)
             ... on level 6 of the Dungeon.
             The game lasted 00:38:43 (6299 turns).

tacoguy the Ruffian (Troll Monk)                    Turns: 6299, Time: 00:38:43

Health: -2/89      AC: 16    Str: 24    XL:     9   Next: 28%
Magic:  0/8        EV: 11    Int:  6    God:    Wu Jian [**....]
Gold:   364        SH:  0    Dex: 18    Spells: 8/8 levels left

rFire    x . .     SeeInvis .     - Unarmed
rCold    + + .     Faith    .   (no shield)
rNeg     . . .     Spirit   +   z - +0 ice dragon scales
rPois    .         Reflect  .   (helmet restricted)
rElec    .         Harm     .   y - +0 cloak
rCorr    .         Rampage  .   (gloves unavailable)
MR       .....                  (boots unavailable)
Stlth    ..........             k - amulet of guardian spirit
HPRegen  0.64/turn              u - +6 ring of dexterity
MPRegen  0.11/turn              (no ring)

@: mighty
A: large, unfitting armour, claws 3, regeneration 1, shaggy fur 1, tough skin 3
a: Wall Jump, Renounce Religion


You were on level 6 of the Dungeon.
You worshipped Wu Jian.
Wu Jian was pleased with you.
You visited 2 branches of the dungeon, and saw 8 of its levels.

You collected 364 gold pieces.

Inventory:

Armour
 y - a +0 cloak (worn)
 z - +0 ice dragon scales (worn)
Magical Staves
 p - an uncursed staff of air
 v - an uncursed staff of poison
Jewellery
 k - an amulet of guardian spirit (around neck)
 u - a +6 ring of dexterity (left claw)
Wands
 s - a wand of disintegration (18)
Scrolls
 a - a scroll of identify
 d - 2 scrolls of fear {unknown}
 f - 6 scrolls of remove curse
 h - 3 scrolls of enchant armour {unknown}
 i - a scroll of teleportation
 n - a scroll of blinking {unknown}
 r - 4 scrolls of enchant weapon
 w - a scroll of amnesia
 x - 2 scrolls of magic mapping
Potions
 b - 2 potions of haste {unknown}
 c - a potion of flight
 e - a potion of curing
 g - a potion of invisibility
 j - 2 potions of stabbing
 l - 2 potions of brilliance
 o - a potion of lignification {unknown}
 t - a potion of magic {unknown}


   Skills:
 + Level 5.8 Fighting
 + Level 5.1 Armour
 + Level 5.7 Dodging
 - Level 1.0 Stealth
 + Level 7.0 Unarmed Combat


You had 8 spell levels left.
You didn't know any spells.
Your spell library contained the following spells:

 Spells                   Type           Power        Failure   Level
 Shock                    Conj/Air       #...         80%         1
 Swiftness                Air            #.......     91%         2
 Static Discharge         Conj/Air       #.......     99%         3
 Airstrike                Air            #.........   100%        4
 Lightning Bolt           Conj/Air       #.........   100%        5


Dungeon Overview and Level Annotations

Branches:
Dungeon (7/15)             Temple (1/1) D:7

Altars:
Ashenzari
Cheibriados
Dithmenos
Elyvilon
Fedhas
Gozag
Hepliaklqana
Kikubaaqudgha
Makhleb
Nemelex Xobeh
Okawaru
Qazlal
Ru
Sif Muna
Trog
Uskayaw
Vehumet
Wu Jian
Xom
Yredelemnul
Zin
The Shining One

Shops:
D:4 (   D:7 *

Annotations:
D:6 Wiggles's ghost, novice MiBe


Innate Abilities, Weirdness & Mutations

You are too large for most types of armour.
You have claws for hands.
Your natural rate of healing is unusually fast.
You are covered in fur. (AC +1)
You have extremely tough skin. (AC +3)


Message History

The 12-headed hydra bites you but does no damage.
The 12-headed hydra bites you!
* * * LOW HITPOINT WARNING * * *
The 12-headed hydra closely misses you. The 12-headed hydra bites you!
* * * LOW HITPOINT WARNING * * *
The 12-headed hydra bites you but does no damage.
The 12-headed hydra bites you.
* * * LOW HITPOINT WARNING * * *
You feel much better. The adder closely misses you.
The 12-headed hydra bites you!
* * * LOW HITPOINT WARNING * * *
The 12-headed hydra misses you.
The 12-headed hydra bites you but does no damage.
The 12-headed hydra bites you!
* * * LOW HITPOINT WARNING * * *
The 12-headed hydra bites you!
* * * LOW HITPOINT WARNING * * *
The 12-headed hydra barely misses you. The 12-headed hydra closely misses you.
The 12-headed hydra bites you.
You die...

#.# #.# #.# #.# #.#
#.# #.# #.# #.# #.#
..# #.# ..#
#######.####### ..#
##.8∩##.........
..#
#∩.$$r#@###.#######
..#
#8..$.DS....#.....#
..# #∩$8_$'..##.#
###.# ..#
#8..$.'...# #<..#
..# #.$$$$#...#
##### .)###
##.8.##.### #>).#
#####... ###.# .#..
#.# #.....


You could see a 12-headed hydra, an adder and a quokka.

Vanquished Creatures
  Grinder (D:4)
  The ghost of GoodGuyCap the Chopper, an amateur OpGl (D:3)
  Duvessa (D:7)
  A sky beast (D:7)
  An ice beast (D:5)
  2 phantoms
  An eye of draining (D:6)
  4 ogres
  3 centaurs
  2 bullfrogs (D:6)
  Dowan (D:7)
  A wyvern skeleton (D:7)
  A scorpion (D:5)
  A howler monkey (D:5)
  A jelly (D:7)
  3 quasits (D:3)
  4 hounds
  2 orc wizards (D:7)
  A gnoll shaman (D:7)
  2 iguanas
  2 worker ants
  2 hound zombies (D:6)
  Robin (D:4)
  A howler monkey skeleton (D:6)
  8 gnolls
  A white imp (D:7)
  An ufetubus (D:7)
  3 oozes
  An adder zombie (D:5)
  An adder skeleton (D:4)
  3 worms
  A dart slug (D:1)
  3 leopard geckos
  13 orcs
  3 ball pythons
  7 giant cockroaches
  22 goblins
  6 hobgoblins
  9 jackals
  2 quokkas
  12 bats
  7 frilled lizards
  A giant cockroach zombie (D:5)
  11 kobolds
  A leopard gecko zombie (D:5)
  6 rats
162 creatures vanquished.

Vanquished Creatures (others)
  2 plants (D:7)
2 creatures vanquished.

Grand Total: 164 creatures vanquished

Notes
Turn   | Place    | Note
-------+----------+-------------------------------------------
     0 | D:1      | tacoguy the Troll Monk began the quest for the Orb.
     0 | D:1      | Reached XP level 1. HP: 22/22 MP: 0/0
    95 | D:1      | Reached XP level 2. HP: 22/29 MP: 1/1
   416 | D:1      | Reached XP level 3. HP: 26/36 MP: 2/2
   426 | D:1      | Reached skill level 1 in Armour
   709 | D:2      | Found a white marble altar of Elyvilon.
  1438 | D:3      | Noticed GoodGuyCap's ghost (amateur OpGl)
  1450 | D:3      | Found a transporter.
  1477 | D:3      | Reached XP level 4. HP: 40/44 MP: 3/3
  1635 | D:3      | Found a bloodstained altar of Trog.
  1680 | D:3      | You fall into a shaft and drop 2 floors!
  1680 | D:5      | Entered Level 5 of the Dungeon
  1701 | D:5      | Noticed an ogre
  1718 | D:5      | Killed an ogre
  1718 | D:5      | Reached XP level 5. HP: 53/53 MP: 4/4
  1772 | D:5      | Reached skill level 4 in Unarmed Combat
  1800 | D:5      | Noticed a centaur
  1847 | D:5      | Killed a centaur
  2030 | D:5      | Reached XP level 6. HP: 58/61 MP: 5/5
  2291 | D:5      | Found a white marble altar of Elyvilon.
  2536 | D:5      | Reached XP level 7. HP: 60/70 MP: 3/6
  2551 | D:5      | Reached skill level 5 in Unarmed Combat
  2763 | D:4      | Found a broken altar of Ashenzari.
  2847 | D:4      | Noticed Grinder
  2889 | D:4      | Killed Grinder
  2889 | D:4      | Reached XP level 8. HP: 77/79 MP: 7/7
  2901 | D:4      | Found Tokinoek's Antique Weapon Shoppe.
  2903 | D:4      | Noticed Robin
  2939 | D:4      | Killed Robin
  4327 | D:3      | Found a transporter.
  4416 | D:3      | Reached skill level 5 in Fighting
  4416 | D:3      | Reached skill level 6 in Unarmed Combat
  4423 | D:3      | Killed GoodGuyCap's ghost
  4423 | D:3      | Reached skill level 5 in Dodging
  4653 | D:6      | You fall into a shaft and drop 1 floor!
  4736 | D:7      | Found a shimmering blue altar of Sif Muna.
  4852 | D:7      | Found a staircase to the Ecumenical Temple.
  4882 | Temple   | Entered the Ecumenical Temple
  5053 | Temple   | Became a worshipper of the Wu Jian Council
  5053 | Temple   | Reached * piety under Wu Jian
  5053 | Temple   | Reached ** piety under Wu Jian
  5115 | D:7      | Found Musoc's General Store.
  5210 | D:7      | Reached XP level 9. HP: 81/88 MP: 6/8
  5223 | D:7      | Noticed Dowan
  5224 | D:7      | Noticed Duvessa
  5251 | D:7      | Killed Duvessa
  5254 | D:7      | Killed Dowan
  5531 | D:7      | Found a sparkling altar of Nemelex Xobeh.
  5533 | D:7      | Found a white marble altar of Elyvilon.
  5567 | D:7      | Found a sparkling altar of Nemelex Xobeh.
  5569 | D:7      | Found a sacrificial altar of Ru.
  5569 | D:7      | Found a stormy altar of Qazlal.
  5571 | D:7      | Found a shimmering altar of Xom.
  5571 | D:7      | Found a glowing golden altar of the Shining One.
  5571 | D:7      | Found a stormy altar of Qazlal.
  5749 | D:6      | Reached skill level 5 in Armour
  5750 | D:6      | Found a basalt altar of Yredelemnul.
  6095 | D:6      | Found a runed translucent gate.
  6096 | D:6      | Found a runed translucent gate.
  6096 | D:6      | Found a runed translucent gate.
  6097 | D:6      | Found an opulent altar of Gozag.
  6098 | D:6      | Noticed Wiggles's ghost (novice MiBe)
  6098 | D:6      | Noticed a six-headed hydra
  6110 | D:6      | Reached skill level 7 in Unarmed Combat
  6299 | D:6      | HP: 2/89 [12-headed hydra (10)]
  6299 | D:6      | Slain by a 12-headed hydra

Illustrated notes

Levels and vault maps discovered:
D:1:      kilobyte_arrival_exit_the_forest, layout_loops_ring
D:2:      layout_loops_cross, elyvilon_altar_5
D:3:      kennysheep_the_goblin_king, layout_basic, overflow_temple_1_default,
          gammafunk_ghost_stat_death
D:4:      layout_rooms, nicolae_ashenzari_panopticon, serial_shops, shop,
          uniq_robin, uniq_grinder
D:5:      layout_gridville, gup_sewer_entry_bowl, basic_altar
D:6:      layout_basic, yredelemnul_altar_generic, ebering_ghost_gozag
D:7:      layout_loops_ring, chequers_temple_overflow_statue_of_worship,
          old_standard_altar, minmay_temple_entry_gardened_gates, serial_shops,
          nicolae_shop_statue_plus, doesnt_xom_only_xom, uniq_duvessa
Temple:   lightli_temple_of_artemis

Skill      XL: |  1  2  3  4  5  6  7  8  9 |
---------------+----------------------------+-----
Armour         | 1 2 3 4 5 |  5.1
Fighting       | 3 4 5 |  5.8
Dodging        | 3 4 5 |  5.7
Unarmed Combat | 4 5 6 7 |  7.0
Stealth        | |  1.0

Action                   |  1- 3 |  4- 6 |  7- 9 || total
-------------------------+-------+-------+-------++-------
Melee: Unarmed           |   125 |   102 |   254 ||   481
       Punch             |       |     2 |     6 ||     8
Invok: Lunge             |       |       |    10 ||    10
       Whirlwind         |       |       |     7 ||     7
 Abil: Wall Jump         |       |       |     3 ||     3
  Use: Potion            |       |     2 |     3 ||     5
       Scroll            |       |       |    13 ||    13
 Stab: Sleeping          |     4 |     1 |     1 ||     6
Armor: Robe              |   113 |    37 |    94 ||   244
       Ice dragon scales |       |       |    68 ||    68
Dodge: Dodged            |   118 |    85 |   223 ||   426

Table legend: (Time is in decaauts)
 A = Elapsed time spent in this place.
 B = Non-inter-level travel time spent in this place.
 C = Inter-level travel time spent in this place.
 D = Time resting spent in this place.
 E = Time spent auto-exploring this place.
 F = Levels seen in this place.
 G = Mean time per level.
                   A        B        C        D        E       F      G
               +--------+--------+--------+--------+--------+-----+--------+
         Total |   6266 |   5546 |    720 |    485 |   2563 |   8 |  783.2 |
       Dungeon |   6073 |   5355 |    718 |    485 |   2482 |   7 |  867.6 |
        Temple |    192 |    190 |      2 |      0 |     81 |   1 |  192.0 |
               +--------+--------+--------+--------+--------+-----+--------+

Top non-repeatable levels by time:
     D:4: 1192 daAuts
     D:5: 1069 daAuts
     D:3: 945 daAuts
     D:7: 803 daAuts
     D:2: 733 daAuts
     D:1: 686 daAuts
     D:6: 643 daAuts
  Temple: 192 daAuts
